 Dungeon Crawl Stone Soup version 0.19.1 (webtiles) character file.

221 Requim the Chopper (level 5, -1/46 HPs)
             Began as a Minotaur Fighter on Nov 27, 2016.
             Slain by Mukku's ghost (6 damage)
             ... on level 3 of the Dungeon.
             The game lasted 00:12:28 (1602 turns).

Requim the Chopper (Minotaur Fighter)               Turns: 1602, Time: 00:12:29

Health: -1/46      AC:  8    Str: 30    XL:     5   Next: 65%
Magic:  4/4        EV:  8    Int:  5    God:
Gold:   148        SH: 11    Dex:  9    Spells: 0 memorised, 4 levels left

rFire  . . .     SeeInvis .     a - +0 war axe
rCold  . . .     Gourm    .     b - +0 scale mail
rNeg   . . .     Faith    .     c - +1 shield
rPois  .         Spirit   .     (helmet restricted)
rElec  .         Reflect  .     (no cloak)
rCorr  .         Harm     .     (no gloves)
MR     .....                    q - +0 pair of boots
Stlth  ..........               (no amulet)
                                (no ring)
                                e - +3 ring of strength

@: mighty, slowed, very slow
A: retaliatory headbutt, horns 2
a: no special abilities


You were on level 3 of the Dungeon.
You were completely stuffed.

You visited 1 branch of the dungeon, and saw 3 of its levels.

You collected 148 gold pieces.

Inventory:

Hand Weapons
 a - a +0 war axe (weapon)
Armour
 b - a +0 scale mail (worn)
 c - a +1 shield (worn)
 q - a +0 pair of boots (worn)
Jewellery
 e - a +3 ring of strength (left hand)
Scrolls
 h - a scroll of remove curse
 k - a scroll of teleportation
Potions
 f - a potion of flight {unknown}
 g - a potion of beneficial mutation {unknown}
 i - a potion of agility {unknown}
 j - a potion of degeneration {unknown}
 m - a potion of haste {unknown}
 p - a potion of heal wounds {unknown}
Comestibles
 l - a meat ration
 n - a bread ration


   Skills:
 + Level 4.2 Fighting
 + Level 4.9 Axes
 + Level 4.6 Armour
 + Level 1.5 Dodging
 + Level 4.7 Shields


You had 4 spell levels left.
You didn't know any spells.

Dungeon Overview and Level Annotations

Branches:
Dungeon (3/15)

Altars:

Annotations:
D:3 Mukku's ghost, amateur NaFE


Innate Abilities, Weirdness & Mutations

You reflexively headbutt those who attack you in melee.
You have a pair of horns on your head.


Message History

You block Mukku's ghost's attack. x2
You closely miss the orc. You barely miss the orc wizard.
You hit Mukku's ghost. You block Mukku's ghost's attack.
You block the orc's attack.
The orc wizard hits you but does no damage.
Mukku's ghost completely misses you. You furiously retaliate!
You headbutt Mukku's ghost! The orc hits you but does no damage.
The orc wizard hits you with an enchanted dagger.
* * * LOW HITPOINT WARNING * * *
You slash the orc wizard! Your headbutt misses the orc wizard.
The orc wizard is almost dead.
You slash the orc!
You kill the orc!
You slash Mukku's ghost! Mukku's ghost closely misses you.
You furiously retaliate!
You headbutt Mukku's ghost.
The orc wizard gestures wildly while chanting.
The orc wizard flickers and vanishes!
Deactivating autopickup; reactivate with Ctrl-A.
Mukku's ghost hits you.
You die...

.......$....
.... ......
..........
..... ....
...#.....# #
......#..#.##.#
#..oW))......
#@#####..
#({......
#))#.##..
#......
...#...#
########


You could see Mukku's ghost and an orc.

Vanquished Creatures
  3 orc wizards (D:3)
  A gnoll (D:3)
  5 adders (D:2)
  An ooze (D:2)
  5 dart slugs (D:1)
  4 orcs (D:3)
  5 giant cockroaches
  12 goblins
  3 hobgoblins
  10 jackals
  A quokka (D:2)
  7 bats
  4 frilled lizards
  2 kobolds
  6 rats
69 creatures vanquished.

Notes
Turn   | Place    | Note
-------+----------+-------------------------------------------
     0 | D:1      | Requim the Minotaur Fighter began the quest for the Orb.
     0 | D:1      | Reached XP level 1. HP: 19/19 MP: 0/0
    10 | D:1      | Noticed an ogre
   159 | D:1      | Reached XP level 2. HP: 27/27 MP: 1/1
   336 | D:1      | Reached XP level 3. HP: 27/33 MP: 2/2
  1054 | D:2      | Reached XP level 4. HP: 27/40 MP: 3/3
  1589 | D:3      | Reached XP level 5. HP: 22/46 MP: 4/4
  1590 | D:3      | Reached skill level 1 in Dodging
  1592 | D:3      | Noticed Mukku's ghost (amateur NaFE)
  1602 | D:3      | Slain by Mukku's ghost

Skill      XL: |  1  2  3  4  5 |
---------------+----------------+-----
Armour         | 4 |  4.6
Axes           | 3 4 |  4.9
Shields        | 4 |  4.7
Fighting       | 4 |  4.2
Dodging        | 1 |  1.5

Action                   |  1- 3 |  4- 6 || total
-------------------------+-------+-------++-------
Melee: War axe           |    99 |    60 ||   159
       Headbutt          |    14 |     7 ||    21
  Use: Scroll            |     3 |     5 ||     8
       Potion            |       |     1 ||     1
  Eat: Bread ration      |     1 |       ||     1
       Beef jerky        |     1 |       ||     1
       Meat ration       |       |     1 ||     1
Armor: Scale mail        |    53 |    47 ||   100
Dodge: Dodged            |    32 |    31 ||    63
Block: Shield            |    67 |    68 ||   135
